TOP OF THE 1ST |
---|
Kalamazoo Royale with Cheese batting - Pitching for Hendersonville Hitmen : RHP Jorge Guillén | Pitching: RHP Jorge Guillén | | Batting: LHB Javier Espinoza | 0-0: Ball 1-0: Called Strike 1-1: Foul Ball, location: 2F 1-2: Fly out, F7 (Flyball, 7LS) | Batting: SHB Caden Keith | 0-0: SINGLE (Groundball, 6MD) | Batting: LHB Vincente Sáenz | 0-0: Called Strike 0-1: Ball Caden Keith steals 2nd base 1-1: Swinging Strike 1-2: Strikes out swinging | Batting: LHB Roberto Sandoval | 0-0: Ball 1-0: Foul Ball, location: 2F 1-1: Ball 2-1: Ball 3-1: Ground out U3 (Groundball, 3L) | Top of the 1st over - 0 runs, 1 hit, 0 errors, 1 left on base; Kalamazoo 0 - Hendersonville 0 | BOTTOM OF THE 1ST |
---|
Hendersonville Hitmen batting - Pitching for Kalamazoo Royale with Cheese : RHP Oscar Wheeler | Pitching: RHP Oscar Wheeler | | Batting: SHB José Estreito | 0-0: Ball 1-0: Ball 2-0: SINGLE (Groundball, 56S) (infield hit) | Batting: SHB Miguel González | 0-0: Called Strike Pickoff Throw by Catcher to First - Error! E2 José Estreito to second 0-1: Ball 1-1: Foul Ball, location: 2F 1-2: Foul Ball, location: 2F 1-2: Fly out, F5 (Line Drive, 56) | Batting: LHB Tommy Payne | 0-0: Called Strike José Estreito steals 3rd base 0-1: Ball 1-1: Swinging Strike 1-2: Ball 2-2: Ball 3-2: Foul Ball, location: 2F 3-2: Fly out, F3 (Line Drive, 3S) | Batting: LHB Robert Phillips | 0-0: Foul Ball, location: 2F 0-1: Foul Ball, location: 2F 0-2: Ball 1-2: Foul Ball, location: 2F 1-2: Foul Ball, location: 2F 1-2: Ground out 4-3 (Groundball, 4) | Bottom of the 1st over - 0 runs, 1 hit, 1 error, 1 left on base; Kalamazoo 0 - Hendersonville 0 | TOP OF THE 2ND |
---|
Kalamazoo Royale with Cheese batting - Pitching for Hendersonville Hitmen : RHP Jorge Guillén | Batting: RHB Zander Tremblett | 0-0: Called Strike 0-1: Foul Ball, location: 2F 0-2: Foul Ball, location: 2F 0-2: Foul Ball, location: 2F 0-2: Strikes out swinging | Batting: LHB Bill McJannett | 0-0: Ball 1-0: Called Strike 1-1: Ball 2-1: SINGLE (Line Drive, 9S) | Batting: LHB Ron Robinson | 0-0: Ball 1-0: Foul Ball, location: 2F 1-1: Ball 2-1: Foul Ball, location: 2F 2-2: SINGLE (Line Drive, 34) Bill McJannett to second | Batting: LHB Francisco Calderón | 0-0: Ball 1-0: Foul Ball, location: 2F 1-1: Called Strike 1-2: SINGLE (Flyball, 89S) Bill McJannett to third Ron Robinson to second Runner from 3rd tries for Home, SAFE, no throw | Batting: LHB Keith Tillman | 0-0: SINGLE (Groundball, 4MD) Ron Robinson to third Francisco Calderón to second Runner from 3rd tries for Home, SAFE, no throw | Batting: LHB Javier Espinoza | 0-0: Ball Wild Pitch! Francisco Calderón to third Keith Tillman to second 1-0: Fly out, F8 (Flyball, 8RM) Runner from 3rd tags up, SCORES, throw made | Batting: SHB Caden Keith | 0-0: Ground out 3-1 (Groundball, 34S) | Top of the 2nd over - 3 runs, 4 hits, 0 errors, 1 left on base; Kalamazoo 3 - Hendersonville 0 | BOTTOM OF THE 2ND |
---|
Hendersonville Hitmen batting - Pitching for Kalamazoo Royale with Cheese : RHP Oscar Wheeler | Batting: SHB Rick Turner | 0-0: Called Strike 0-1: SOLO HOME RUN (Flyball, 78XD), Distance : 415 ft | Batting: LHB Pedro Rodríguez | 0-0: Called Strike 0-1: Ball 1-1: Ball 2-1: Ball 3-1: Base on Balls | Batting: RHB Felipe Jareño | 0-0: Called Strike 0-1: Ball 1-1: Foul Ball, location: 2F 1-2: Grounds into double play, 1-4-3 (Groundball, 15S) | Batting: LHB Jeff Cole | 0-0: Ball 1-0: Ball 2-0: Called Strike 2-1: Ball 3-1: Swinging Strike 3-2: Base on Balls | Batting: RHB Rafael González | 0-0: Ball 1-0: Called Strike 1-1: Swinging Strike 1-2: Ball 2-2: Ball 3-2: Ground out 5-3 (Groundball, 56) | Bottom of the 2nd over - 1 run, 1 hit, 0 errors, 1 left on base; Kalamazoo 3 - Hendersonville 1 | TOP OF THE 3RD |
---|
Kalamazoo Royale with Cheese batting - Pitching for Hendersonville Hitmen : RHP Jorge Guillén | Batting: LHB Vincente Sáenz | 0-0: Ball 1-0: Foul Ball, location: 2F 1-1: Foul Ball, location: 2F 1-2: Foul Ball, location: 2F 1-2: Foul Ball, location: 2F 1-2: SINGLE (Groundball, 3S) (infield hit) | Batting: LHB Roberto Sandoval | 0-0: Foul Ball, location: 2F 0-1: Fly out, F5 (Line Drive, 56S) | Batting: RHB Zander Tremblett | 0-0: Called Strike 0-1: 2-RUN HOME RUN (Flyball, 7LD), Distance : 382 ft | Batting: LHB Bill McJannett | 0-0: Called Strike 0-1: Ground out 5-3 (Groundball, 56S) | Batting: LHB Ron Robinson | 0-0: Called Strike 0-1: DOUBLE (Line Drive, 3D) | Batting: LHB Francisco Calderón | 0-0: Fly out, F8 (Flyball, 8LM) | Top of the 3rd over - 2 runs, 3 hits, 0 errors, 1 left on base; Kalamazoo 5 - Hendersonville 1 | BOTTOM OF THE 3RD |
---|
Hendersonville Hitmen batting - Pitching for Kalamazoo Royale with Cheese : RHP Oscar Wheeler | Batting: SHB José Estreito | 0-0: Ball 1-0: Called Strike 1-1: Foul Ball, location: 2F 1-2: Strikes out swinging | Batting: SHB Miguel González | 0-0: Foul Ball, location: 2F 0-1: Ground out U3 (Groundball, 34S) | Batting: LHB Tommy Payne | 0-0: Called Strike 0-1: Called Strike 0-2: Ball 1-2: Foul Ball, location: 2F 1-2: Ball 2-2: Foul Ball, location: 2F 2-2: Strikes out looking | Bottom of the 3rd over - 0 runs, 0 hits, 0 errors, 0 left on base; Kalamazoo 5 - Hendersonville 1 | TOP OF THE 4TH |
---|
Kalamazoo Royale with Cheese batting - Pitching for Hendersonville Hitmen : RHP Jorge Guillén | Batting: LHB Keith Tillman | 0-0: Ball 1-0: Foul Ball, location: 2F 1-1: Swinging Strike 1-2: Ball 2-2: Ball 3-2: Foul Ball, location: 2F 3-2: Foul Ball, location: 2F 3-2: Ground out 5-3 (Groundball, 56S) | Batting: LHB Javier Espinoza | 0-0: Called Strike 0-1: Ball 1-1: Ball 2-1: SINGLE (Groundball, 6MD) | Batting: SHB Caden Keith | 0-0: Called Strike 0-1: Fly out, F9 (Flyball, 89S) | Batting: LHB Vincente Sáenz | 0-0: Foul Ball, location: 2F 0-1: Ground out 5-3 (Groundball, 25) | Top of the 4th over - 0 runs, 1 hit, 0 errors, 1 left on base; Kalamazoo 5 - Hendersonville 1 | BOTTOM OF THE 4TH |
---|
Hendersonville Hitmen batting - Pitching for Kalamazoo Royale with Cheese : RHP Oscar Wheeler | Batting: LHB Robert Phillips | 0-0: Called Strike 0-1: SINGLE (Groundball, 6MS) (infield hit) | Batting: SHB Rick Turner | 0-0: Called Strike 0-1: Grounds into double play, 1-6-3 (Groundball, 13S) | Batting: LHB Pedro Rodríguez | 0-0: SINGLE (Groundball, 4MD) | Batting: RHB Felipe Jareño | 0-0: Fielders Choice at 2nd, U6 (Groundball, 6M) | Bottom of the 4th over - 0 runs, 2 hits, 0 errors, 1 left on base; Kalamazoo 5 - Hendersonville 1 | TOP OF THE 5TH |
---|
Kalamazoo Royale with Cheese batting - Pitching for Hendersonville Hitmen : RHP Jorge Guillén | Batting: LHB Roberto Sandoval | 0-0: Ball 1-0: Fly out, F8 (Flyball, 8RD) | Batting: RHB Zander Tremblett | 0-0: Swinging Strike 0-1: Ball 1-1: Foul Ball, location: 2F 1-2: Ball 2-2: SINGLE (Groundball, 4MD) | Batting: LHB Bill McJannett | 0-0: Fly out, F7 (Flyball, 7) | Batting: LHB Ron Robinson | 0-0: Ball 1-0: Called Strike 1-1: Foul Ball, location: 2F 1-2: SINGLE (Flyball, 78S) Zander Tremblett to second | Batting: LHB Francisco Calderón | 0-0: Ball 1-0: Fly out, F3 (Popup, 23F) | Top of the 5th over - 0 runs, 2 hits, 0 errors, 2 left on base; Kalamazoo 5 - Hendersonville 1 | BOTTOM OF THE 5TH |
---|
Hendersonville Hitmen batting - Pitching for Kalamazoo Royale with Cheese : RHP Oscar Wheeler | Batting: LHB Jeff Cole | 0-0: Ball 1-0: Foul Ball, location: 2F 1-1: Foul Ball, location: 2F 1-2: Fly out, F9 (Flyball, 9S) | Batting: RHB Rafael González | 0-0: Called Strike 0-1: Ball 1-1: Foul Ball, location: 2F 1-2: Ball 2-2: Ball 3-2: Base on Balls | Batting: SHB José Estreito | 0-0: Ball 1-0: Called Strike 1-1: Ball 2-1: Ground out 6-3 (Groundball, 6S) Rafael González to second | Batting: SHB Miguel González | 0-0: Swinging Strike 0-1: Foul Ball, location: 2F 0-2: Foul Ball, location: 2F 0-2: Fly out, F8 (Flyball, 8RXD) | Bottom of the 5th over - 0 runs, 0 hits, 0 errors, 1 left on base; Kalamazoo 5 - Hendersonville 1 | TOP OF THE 6TH |
---|
Kalamazoo Royale with Cheese batting - Pitching for Hendersonville Hitmen : RHP Jorge Guillén | Batting: LHB Keith Tillman | 0-0: Called Strike 0-1: Ground out U3 (Groundball, 3S) | Batting: LHB Javier Espinoza | 0-0: Ball 1-0: Ball 2-0: Foul Ball, location: 2F 2-1: Called Strike 2-2: SINGLE (Flyball, 7S) | Batting: SHB Caden Keith | 0-0: Called Strike 0-1: Foul Ball, location: 2F 0-2: Ball 1-2: SINGLE (Line Drive, 6D) Javier Espinoza to second | Pitching: RHP Jason Mason | | Batting: LHB Vincente Sáenz | 0-0: Ball 1-0: Foul Ball, location: 2F 1-1: Ball 2-1: Foul Ball, location: 2F 2-2: Foul Ball, location: 2F 2-2: SINGLE (Line Drive, 6MD) Javier Espinoza to third Caden Keith to second | Batting: LHB Roberto Sandoval | 0-0: Swinging Strike 0-1: Foul Ball, location: 2F 0-2: Strikes out swinging | Batting: RHB Zander Tremblett | 0-0: SINGLE (Line Drive, 9S) Javier Espinoza scores Caden Keith to third Vincente Sáenz to second Runner from 3rd tries for Home, SAFE, no throw | Batting: LHB Bill McJannett | 0-0: Foul Ball, location: 2F 0-1: Ball 1-1: Ball 2-1: Foul Ball, location: 2F 2-2: Strikes out swinging | Top of the 6th over - 2 runs, 4 hits, 0 errors, 2 left on base; Kalamazoo 7 - Hendersonville 1 | BOTTOM OF THE 6TH |
---|
Hendersonville Hitmen batting - Pitching for Kalamazoo Royale with Cheese : RHP Oscar Wheeler | Batting: LHB Tommy Payne | 0-0: Ground out 4-3 (Groundball, 4) | Batting: LHB Robert Phillips | 0-0: Ball 1-0: Foul Ball, location: 2F 1-1: Ball 2-1: Swinging Strike 2-2: Foul Ball, location: 2F 2-2: Ball 3-2: Fly out, F9 (Flyball, 89M) | Batting: SHB Rick Turner | 0-0: Ball 1-0: Foul Ball, location: 2F 1-1: Swinging Strike 1-2: Ball 2-2: Ball 3-2: Base on Balls | Batting: LHB Pedro Rodríguez | 0-0: Called Strike 0-1: Ball 1-1: Called Strike 1-2: Strikes out swinging | Bottom of the 6th over - 0 runs, 0 hits, 0 errors, 1 left on base; Kalamazoo 7 - Hendersonville 1 | TOP OF THE 7TH |
---|
Kalamazoo Royale with Cheese batting - Pitching for Hendersonville Hitmen : RHP Jason Mason | Batting: LHB Ron Robinson | 0-0: Called Strike 0-1: Ball 1-1: Ball 2-1: Ball 3-1: Called Strike 3-2: Ground out 5-3 (Groundball, 56) | Batting: LHB Francisco Calderón | 0-0: SINGLE (Line Drive, 89S) | Batting: LHB Keith Tillman | 0-0: Ground out U3 (Groundball, 3) Francisco Calderón to second | Batting: LHB Javier Espinoza | 0-0: Called Strike 0-1: Ball 1-1: Foul Ball, location: 2F 1-2: SINGLE (Groundball, 4) (infield hit) Francisco Calderón to third | Batting: SHB Caden Keith | 0-0: Ball 1-0: Ball 2-0: SINGLE (Line Drive, 6MD) Francisco Calderón scores Javier Espinoza to second Runner from 2nd tries for 3rd, SAFE, no throw | Batting: LHB Vincente Sáenz | 0-0: Ball 1-0: Called Strike 1-1: Ground out 1-3 (Groundball, 13) | Top of the 7th over - 1 run, 3 hits, 0 errors, 2 left on base; Kalamazoo 8 - Hendersonville 1 | BOTTOM OF THE 7TH |
---|
Hendersonville Hitmen batting - Pitching for Kalamazoo Royale with Cheese : RHP Oscar Wheeler | Batting: RHB Felipe Jareño | 0-0: Ball 1-0: Called Strike 1-1: SINGLE (Line Drive, 6MD) | Batting: LHB Jeff Cole | 0-0: Ball 1-0: Swinging Strike 1-1: Swinging Strike 1-2: Ball 2-2: Strikes out swinging | Batting: RHB Rafael González | 0-0: SINGLE (Flyball, 89S) Felipe Jareño to second Runner from 2nd tries for 3rd, SAFE, no throw | Pitching: LHP Terry Klassen | | Batting: SHB José Estreito | 0-0: Swinging Strike 0-1: Called Strike 0-2: Ball 1-2: Strikes out swinging | Batting: SHB Miguel González | 0-0: Fielders Choice at 2nd, 5-4 (Groundball, 56) | Bottom of the 7th over - 0 runs, 2 hits, 0 errors, 2 left on base; Kalamazoo 8 - Hendersonville 1 | TOP OF THE 8TH |
---|
Kalamazoo Royale with Cheese batting - Pitching for Hendersonville Hitmen : RHP Jason Mason | Batting: LHB Roberto Sandoval | 0-0: Ball 1-0: Called Strike 1-1: Called Strike 1-2: Ball 2-2: Strikes out swinging | Batting: RHB Zander Tremblett | 0-0: Called Strike 0-1: Ball 1-1: Ball 2-1: Foul Ball, location: 2F 2-2: Foul Ball, location: 2F 2-2: Foul Ball, location: 2F 2-2: Foul Ball, location: 2F 2-2: Ball 3-2: Foul Ball, location: 2F 3-2: Foul Ball, location: 2F 3-2: Foul Ball, location: 2F 3-2: Foul Ball, location: 2F 3-2: Base on Balls | Pitching: RHP Rafael López | | Batting: LHB Bill McJannett | Balk! Zander Tremblett to second 0-0: Ball 1-0: Foul Ball, location: 2F 1-1: 2-RUN HOME RUN (Flyball, 9D), Distance : 416 ft | Batting: LHB Ron Robinson | 0-0: Called Strike 0-1: Ground out 5-3 (Groundball, 5) | Batting: LHB Francisco Calderón | 0-0: Ground out 5-3 (Groundball, 56) | Top of the 8th over - 2 runs, 1 hit, 0 errors, 0 left on base; Kalamazoo 10 - Hendersonville 1 | BOTTOM OF THE 8TH |
---|
Hendersonville Hitmen batting - Pitching for Kalamazoo Royale with Cheese : LHP Terry Klassen | Batting: LHB Tommy Payne | 0-0: Ball 1-0: Fly out, F9 (Flyball, 9LS) | Batting: LHB Robert Phillips | 0-0: Foul Ball, location: 2F 0-1: Called Strike 0-2: Strikes out looking | Batting: SHB Rick Turner | 0-0: Ball 1-0: Ball 2-0: Called Strike 2-1: Foul Ball, location: 2F 2-2: Strikes out swinging | Bottom of the 8th over - 0 runs, 0 hits, 0 errors, 0 left on base; Kalamazoo 10 - Hendersonville 1 | TOP OF THE 9TH |
---|
Kalamazoo Royale with Cheese batting - Pitching for Hendersonville Hitmen : RHP Rafael López | Batting: LHB Keith Tillman | 0-0: Called Strike 0-1: Ball 1-1: Foul Ball, location: 2F 1-2: Fly out, F9 (Flyball, 89D) | Batting: LHB Javier Espinoza | 0-0: Fly out, F8 (Flyball, 8LS) | Batting: SHB Caden Keith | 0-0: Ball 1-0: Foul Ball, location: 2F 1-1: Ground out 6-3 (Groundball, 6) | Top of the 9th over - 0 runs, 0 hits, 0 errors, 0 left on base; Kalamazoo 10 - Hendersonville 1 | BOTTOM OF THE 9TH |
---|
Hendersonville Hitmen batting - Pitching for Kalamazoo Royale with Cheese : LHP Terry Klassen | Batting: LHB Pedro Rodríguez | 0-0: Ball 1-0: Called Strike 1-1: Swinging Strike 1-2: Ball 2-2: SINGLE (Line Drive, 56) | Batting: RHB Felipe Jareño | 0-0: Swinging Strike 0-1: Called Strike 0-2: SINGLE (Groundball, 34D) Pedro Rodríguez to second | Batting: LHB Jeff Cole | 0-0: Ball 1-0: Ball 2-0: Ball 3-0: Called Strike 3-1: Base on Balls Pedro Rodríguez to third Felipe Jareño to second | Pinch Hitting: RHB Ron Glass | 0-0: Called Strike 0-1: Fielders Choice at 2nd, 5-4 (Groundball, 56) Pedro Rodríguez scores Felipe Jareño to third | Batting: SHB José Estreito | 0-0: Called Strike 0-1: SINGLE (Groundball, 2L) (infield hit) Felipe Jareño scores Ron Glass to second | Batting: SHB Miguel González | 0-0: Ball 1-0: Called Strike 1-1: Ball 2-1: SINGLE (Flyball, 9LS) Ron Glass to third José Estreito to second | Batting: LHB Tommy Payne | 0-0: Foul Ball, location: 2F 0-1: Ball 1-1: Foul Ball, location: 2F 1-2: Ball 2-2: Foul Ball, location: 2F 2-2: Strikes out looking | Batting: LHB Robert Phillips | 0-0: Foul Ball, location: 2F 0-1: SINGLE (Groundball, 34S) (infield hit) Ron Glass scores José Estreito to third Miguel González to second | Batting: SHB Rick Turner | 0-0: Called Strike 0-1: Ball 1-1: Ball 2-1: Foul Ball, location: 2F 2-2: Ball 3-2: Foul Ball, location: 2F 3-2: Foul Ball, location: 2F 3-2: Ground out 5-3 (Groundball, 56) | Bottom of the 9th over - 3 runs, 5 hits, 0 errors, 3 left on base; Kalamazoo 10 - Hendersonville 4 | |